 Dungeon Crawl Stone Soup version 0.31-a0-174-g85c54bcb58 (webtiles) character file.

Game seed: 331046202688537307

241764 Midn8 the Gelid (level 18, -4/165 (166) HPs)
             Began as a Green Draconian Venom Mage on June 14, 2023.
             Was an Elder of Sif Muna.
             Slain by Saint Roka
             ... wielding a +0 war axe of flaming
              (20 damage)
             ... on level 1 of the Vaults on June 15, 2023.
             The game lasted 02:30:24 (49925 turns).

Midn8 the Gelid (Green Draconian Venom Mage)       Turns: 49925, Time: 02:30:25

HP:   -4/165 (166)  AC: 20    Str: 12    XL:     18   Next: 65%
MP:   0/36          EV: 14    Int: 27    God:    Sif Muna [****..]
Gold: 3133          SH:  4    Dex: 16    Spells: 6/45 levels left

rFire   x . .        v - +4 rapier (distort)
rCold   + . .        r - +1 buckler
rNeg    . . .        (body armour unavailable)
rPois   +            Q - +2 hat {Int+3}
rElec   .            z - +2 cloak
rCorr   .            O - +1 pair of gloves {Dex+3}
SInv    .            D - +2 pair of boots
Will    ++...        T - amulet of guardian spirit
Stlth   ++           E - ring of Cheibriados's Reproof {Will+ Int+3}
HPRegen 0.47/turn    Y - ring of ice
MPRegen 0.25/turn

%: guardian spirit
@: short of breath, channelling, very slightly contaminated, lightly drained
A: breathe noxious fumes, AC +10, unfitting armour, stinger 1, poison
resistance, cold-blooded
}: 2/15 runes: barnacled, gossamer
a: Breathe Noxious Fumes, Renounce Religion, Channel Magic, Forget Spell, Divine
Exegesis


You were on level 1 of the Vaults.
You worshipped Sif Muna.
Sif Muna was greatly pleased with you.
You visited 7 branches of the dungeon, and saw 32 of its levels.
You also visited: Bailey and Ice Cave.

You collected 3742 gold pieces.
You spent 609 gold pieces at shops.

Inventory:

Hand Weapons
 v - a +4 rapier of distortion (weapon)
 K - a +11 broad axe
Missiles
 w - 4 throwing nets
 C - a curare-tipped dart
 F - 53 boomerangs
 S - 18 poisoned darts (quivered)
Armour
 r - a +1 buckler (worn)
 z - a +2 cloak (worn)
 D - a +2 pair of boots (worn)
 O - a +1 pair of gloves of dexterity (worn)
 Q - a +2 hat of intelligence (worn)
Jewellery
 d - a +6 ring of intelligence
 E - the ring of Cheibriados's Reproof (left hand) {Will+ Int+3}
   (You found it on level 9 of the Dungeon)

   [ring of willpower]

   Int:       It affects your intelligence (+3).
   Will:      It increases your willpower.
 L - the ring of Oleg {rF+ Will+}
   (You found it on level 10 of the Dungeon)

   [ring of protection from fire]

   rF:        It protects you from fire.
   Will:      It increases your willpower.
 T - an amulet of guardian spirit (around neck)
 Y - a ring of ice (right hand)
Wands
 e - a wand of digging (11)
 i - a wand of quicksilver (12)
 o - a wand of iceblast (12)
 A - a wand of paralysis (23)
 I - a wand of mindburst (3)
 V - a wand of flame (28)
 X - a wand of polymorph (13)
Scrolls
 b - 9 scrolls of teleportation
 c - 5 scrolls of revelation
 h - 2 scrolls of blinking
 p - a scroll of acquirement
 s - 6 scrolls of silence
 u - 6 scrolls of amnesia
 x - 4 scrolls of fear
 y - 4 scrolls of fog
 B - 2 scrolls of poison
 P - a scroll of enchant weapon
 R - 5 scrolls of identify
Potions
 a - a potion of magic
 f - 12 potions of curing
 g - 10 potions of heal wounds
 j - 4 potions of haste
 k - 4 potions of mutation
 l - 6 potions of enlightenment
 n - 4 potions of cancellation
 q - 4 potions of attraction
 G - a potion of brilliance
 H - 7 potions of ambrosia
 U - a potion of invisibility
 Z - 2 potions of resistance
Miscellaneous
 m - a condenser vane
 t - a phantom mirror
 J - a phial of floods
 M - a piece from Xom's chessboard (15/15)
 N - a box of beasts
 W - a lightning rod (4/4)


   Skills:
 - Level 16.0 Fighting
 - Level 14.0 Short Blades
 - Level 5.0 Dodging
 - Level 1.7 Stealth
 - Level 14.0 Spellcasting
 - Level 7.0 Conjurations
 - Level 2.0 Transmutations
 - Level 2.0 Fire Magic
 - Level 17.0 Ice Magic
 - Level 7.0 Air Magic
 - Level 10.0 Poison Magic
 - Level 12.0 Invocations
 + Level 4.5 Evocations


You had 6 spell levels left.
You knew the following spells:

 Your Spells              Type           Power      Damage    Failure   Level
a - Sting                 Tmut/Pois      100%       1d8       1%          1
b - Summon Ice Beast      Ice/Summ       77%        N/A       1%          4
c - Mephitic Cloud        Conj/Pois/Air  58%        N/A       1%          3
e - Ozocubu's Refrigerat  Ice            52%        4d19      3%          7
f - Freezing Cloud        Conj/Ice/Air   42%        6-21      1%          5
g - Olgreb's Toxic Radia  Pois           64%        N/A       1%          4
h - Metabolic Englaciati  Hex/Ice        38%        N/A       3%          5
n - Ignite Poison         Fire/Tmut/Pois 44%        N/A       1%          3
v - Poisonous Vapours     Pois/Air       100%       N/A       1%          2
z - Ozocubu's Armour      Ice            100%       N/A       0%          3
B - Blink                 Tloc           36%        N/A       6%          2

Your spell library contained the following spells:

 Spells                   Type           Power      Damage    Failure   Level
 Freeze                   Ice            100%       1d10      0%          1
 Frozen Ramparts          Ice            100%       1d16      0%          3
 Foxfire                  Conj/Fire      100%       2x1d9     1%          1
 Magic Dart               Conj           100%       1d8       1%          1
 Cigotuvi's Dreadful Rot  Necr/Pois/Air  98%        N/A       1%          2
 Ensorcelled Hibernation  Hex/Ice        100%       N/A       1%          2
 Searing Ray              Conj           100%       2d8       1%          2
 Static Discharge         Conj/Air       100%       2-7/arc   1%          2
 Hailstorm                Conj/Ice       90%        3d18      1%          3
 Ice Form                 Ice/Tmut       81%        N/A       1%          4
 Airstrike                Air            27%        2d(4-20)  2%          4
 Dazzling Flash           Conj/Hex       74%        N/A       3%          3
 Stone Arrow              Conj/Erth      74%        3d11      3%          3
 Apportation              Tloc           36%        N/A       4%          1
 Necrotise                Necr           72%        1d7       4%          1
 Slow                     Hex            72%        N/A       4%          1
 Summon Small Mammal      Summ           72%        N/A       4%          1
 Call Imp                 Summ           36%        N/A       6%          2
 Flame Wave               Conj/Fire      43%        2d11      6%          4
 Sticky Flame             Conj/Fire      43%        2d6       6%          4
 Iskenderun's Battlesphe  Conj           54%        2d10      6%          5
 Inner Flame              Hex/Fire       24%        N/A       9%          3
 Volatile Blastmotes      Fire/Tloc      48%        2d14      9%          3
 Fulminant Prism          Conj/Hex       18%        3d10      10%         4
 Summon Lightning Spire   Summ/Air       37%        N/A       10%         4
 Alistair's Intoxication  Tmut/Pois      33%        N/A       10%         5
 Call Canine Familiar     Summ           18%        N/A       12%         3
 Portal Projectile        Hex/Tloc       36%        N/A       12%         3
 Summon Guardian Golem    Hex/Summ       18%        N/A       12%         3
 Tukima's Dance           Hex            18%        N/A       12%         3
 Vampiric Draining        Necr           18%        2d7       12%         3
 Fireball                 Conj/Fire      21%        3d10      19%         5
 Simulacrum               Ice/Necr       38%        N/A       19%         6
 Silence                  Hex/Air        18%        N/A       26%         5
 Leda's Liquefaction      Hex/Erth       9%         N/A       38%         4
 Manifold Assault         Tloc           18%        N/A       38%         4
 Blade Hands              Tmut           14%        N/A       45%         5
 Eringya's Noxious Bog    Tmut/Pois      25%        N/A       47%         6
 Starburst                Conj/Fire      21%        6d7       69%         6
 Agony                    Necr           18%        N/A       75%         5
 Borgnjor's Vile Clutch   Necr/Erth      9%         N/A       75%         5
 Lee's Rapid Deconstruct  Erth           9%         3d7*      75%         5
 Summon Mana Viper        Hex/Summ       18%        N/A       75%         5
 Statue Form              Tmut/Erth      16%        N/A       99%         6
 Storm Form               Tmut/Air       21%        N/A       99%         7
 Haunt                    Necr/Summ      9%         N/A       100%        7
 Malign Gateway           Summ/Tloc      9%         N/A       100%        7
 Disjunction              Tloc           9%         N/A       100%        8
 Lehudib's Crystal Spear  Conj/Erth      18%        10d6      100%        8
 Dragon's Call            Summ           9%         N/A       100%        9
 Animate Armour           Summ/Erth      Unusable   N/A       N/A         4

Dungeon Overview and Level Annotations

Branches:
Dungeon (15/15)            Temple (1/1) D:4            Lair (5/5) D:9
 Shoals (4/4) Lair:3       Spider (4/4) Lair:3        Slime (0/5) Lair:5
    Orc (2/2) D:9             Elf (0/3) Orc:2        Vaults (1/5) D:13
 Depths (0/4) D:15         Bailey (visited)           IceCv (visited)

Altars:
Ashenzari
Cheibriados
Dithmenos
Elyvilon
Fedhas
Gozag
Hepliaklqana
Kikubaaqudgha
Makhleb
Nemelex Xobeh
Okawaru
Qazlal
Ru
Sif Muna
Trog
Uskayaw
Vehumet
Wu Jian
Xom
Yredelemnul
Zin
The Shining One

Shops:
D:1 :   D:5 (   D:11 :   Orc:2 =*([   Shoals:2 =

Annotations:
D:4 2 transporters, epsilonplus's ghost, amateur HOFi
Spider:4 2 runed translucent doors, zazu2006's ghost, adept GnWn
Vaults:1 Saint Roka
Abyss:1 pokeman's ghost, journeyman DEHW


Innate Abilities, Weirdness & Mutations

You can breathe blasts of noxious fumes.
Your lurid green scales are hard. (AC +10)
You cannot fit into any form of body armour.
Your tail ends in a venomous barb.
Your system is resistant to poisons. (rPois)
You are cold-blooded and may be slowed by cold attacks.


Message History

The orc priest invokes the aid of Beogh against you.
Beogh smites you!
Saint Roka is engulfed in noxious fumes.
Saint Roka roars a battlecry!
The orc warrior goes into a battle-frenzy!
Unknown command.
Saint Roka is engulfed in noxious fumes.
An orc comes into view.
It is wielding a +0 flail of protection.
Casting: Ozocubu's Refrigeration (dangerous; 3% risk of failure)
Confirm with . or Enter, or press ? or * to list all spells.
You feel a surge of power!
The heat is drained from your surroundings.
Saint Roka resists.
Saint Roka is severely wounded.
You kill the orc priest!
Sif Muna accepts your kill.
You kill the orc!
Sif Muna accepts your kill.
You kill the orc warrior!
Sif Muna accepts your kill.
Saint Roka is engulfed in noxious fumes.
Saint Roka appears confused.
Saint Roka completely misses you.
Unknown command.
You puncture Saint Roka!
Your tail-slap misses Saint Roka.
Saint Roka is severely wounded.
Saint Roka is engulfed in noxious fumes.
Saint Roka hits you with a +0 war axe of flaming!
* * * LOW HITPOINT WARNING * * *
Saint Roka burns you.
* * * LOW HITPOINT WARNING * * *
Casting: Ozocubu's Refrigeration (dangerous; 3% risk of failure)
Confirm with . or Enter, or press ? or * to list all spells.
You feel a surge of power!
You miscast Ozocubu's Refrigeration.
You are very lightly contaminated with residual magic.
Nothing appears to happen.
Saint Roka is engulfed in noxious fumes.
Saint Roka hits you with a +0 war axe of flaming!!
* * * LOW HITPOINT WARNING * * *
Saint Roka burns you!!
You die...

....# #.?.......# ....#
######.#..# ....# #....# ....#
#..#.# J.. ....# #....# #.#
....# #.#).# ... ....# #..[[#
#.# ....# ##########)## ...
....# #..@o.○.))).###.##
###†###### #.###'#####.##...#
..#.†....# #.#.#[+...#.###.##
..#......# #.#.#)#####.##...#
..#......# #.#.#.)...#.###.##
..#......# #.#+#.>.#+#.##...#
..+......# #.#.....#.#.###.##
..#......# #.#####.#.#.##...#
..####''######.#^.['.#.#.###'###


You could see Saint Roka (confused, poisoned).

Vanquished Creatures
  A kraken (Shoals:2)
  4 emperor scorpions
  2 vault wardens (Vaults:1)
  A ghost moth (Spider:4)
  3 orc warlords
  An ironbound preserver (Vaults:1)
  An ironbound thunderhulk (Vaults:1)
  3 broodmothers (Spider:4)
  A caustic shrike zombie (D:15)
  Nessos (Lair:3)
  3 spark wasps
  A yaktaur captain (Vaults:1)
  2 merfolk javelineers (Shoals:4)
  4 entropy weavers (Spider:2)
  8 merfolk impalers
  A fire dragon (D:15)
  9 hydras
  5 vault guards
  An ironbound frostheart (Vaults:1)
  An ogre mage (D:13)
  4 jorogumos
  11 centaur warriors
  A catoblepas (D:15)
  3 two-headed ogres
  2 merfolk avatars
  5 radroaches
  4 merfolk aquamancers
  2 tengu warriors (D:15)
  6 boulder beetles
  5 death yaks
  A satyr (Shoals:3)
  8 demonic crawlers
  Urug (Lair:1)
  7 pharaoh ants
  4 deep trolls (Vaults:1)
  2 skeletal warriors
  3 sun moths
  7 sea snakes
  5 skysharks
  Lodul (D:14)
  A wizard (D:13)
  Pikel (D:6)
  An ironbound convoker (Vaults:1)
  10 orb spiders
  3 orc knights
  A necromancer (D:15)
  9 deep elf pyromancers
  2 lindwurms (Vaults:1)
  26 harpies
  7 steelbarb worms
  3 orc sorcerers
  12 ugly things
  25 wolf spiders
  4 fauns
  19 manticores
  2 vault sentinels (Vaults:1)
  2 moths of wrath
  10 elephants
  7 cyclopes
  14 black mambas
  3 merfolk sirens
  3 torpor snails
  Joseph (D:10)
  9 water nymphs
  A gargoyle (D:13)
  11 cane toads
  3 freezing wraiths
  8 komodo dragons
  5 rime drakes
  3 kobold demonologists
  Psyche (D:11)
  2 efreet
  3 yaktaurs (Vaults:1)
  An anaconda simulacrum (IceCv)
  5 harpy zombies (Shoals:1)
  2 ice devils (IceCv)
  7 trolls
  23 merfolk
  10 polar bears
  5 meliai
  A queen bee (D:13)
  9 wind drakes
  24 tarantellas
  4 hornets
  6 blink frogs
  8 dream sheep
  9 snapping turtles
  23 jumping spiders
  4 slime creatures
  2 shadows
  22 culicivoras
  5 water elementals
  15 wyverns
  A spriggan (Lair:3)
  2 vampires
  43 yaks
  3 wraiths
  3 basilisks
  64 redbacks
  5 steam dragons
  2 vampire mosquitoes (D:13)
  3 wargs
  A swamp worm (Lair:1)
  Duvessa (D:4)
  3 acid dragons
  13 water moccasins
  A floating eye (D:11)
  7 black bears (Lair:1)
  44 orc warriors
  A sky beast (D:7)
  An ice beast (D:7)
  15 ogres
  15 wolves
  14 centaurs
  2 phantoms
  5 kobold brigands
  11 bullfrogs
  A two-headed ogre simulacrum (IceCv)
  4 scorpions
  5 wights
  Dowan (D:4)
  18 killer bees
  6 spriggan skeletons (D:14)
  3 electric eels
  5 howler monkeys
  Crazy Yiuf (D:7)
  A jelly (D:6)
  17 orc priests
  3 hounds
  A gnoll bouda (D:7)
  2 sleepcaps (D:6)
  A spriggan simulacrum (IceCv)
  2 iguanas
  21 orc wizards
  Ijyb (D:3)
  A troll simulacrum (IceCv)
  9 adders
  6 gnolls
  A naga simulacrum (IceCv)
  4 ufetubi
  3 worms
  2 dart slugs
  85 orcs
  10 ball pythons
  5 bats
  2 endoplasms
  5 giant cockroaches
  10 goblins
  12 hobgoblins
  4 jackals (D:5)
  5 quokkas
  6 frilled lizards
  38 kobolds
  4 rats
  A butterfly (Lair:2)
  A tentacle (Shoals:2)
1099 creatures vanquished.

Vanquished Creatures (collateral kills)
  Mlioglotl (Shoals:4)
  A merfolk javelineer (Shoals:4)
  A cyclops (Shoals:4)
  A manticore (Shoals:4)
  A merfolk siren (Shoals:4)
  3 merfolk (Shoals:4)
  3 dream sheep (Shoals:4)
11 creatures vanquished.

Vanquished Creatures (others)
  An orc warrior (D:11)
  An orc (Orc:2)
  3 tentacles (Shoals:2)
5 creatures vanquished.

Grand Total: 1115 creatures vanquished

Notes
Turn   | Place    | Note
-------+----------+-------------------------------------------
     0 | D:1      | Midn8 the Draconian Venom Mage began the quest for the Orb.
     0 | D:1      | Reached XP level 1. HP: 14/14 MP: 3/3
     3 | D:1      | Found Evoesof's Book Shoppe.
   124 | D:1      | Found a faded altar of an unknown god.
   266 | D:1      | Reached XP level 2. HP: 20/20 MP: 3/5
   339 | D:1      | Learned a level 2 spell: Poisonous Vapours
   935 | D:1      | Reached XP level 3. HP: 26/26 MP: 2/7
  1932 | D:2      | Noticed a scorpion
  1938 | D:2      | Killed a scorpion
  1939 | D:2      | Reached XP level 4. HP: 17/33 MP: 3/10
  2296 | D:3      | Learned a level 3 spell: Mephitic Cloud
  2619 | D:3      | Reached XP level 5. HP: 38/38 MP: 4/11
  2727 | D:3      | Noticed Ijyb
  2736 | D:3      | Killed Ijyb
  4006 | D:4      | Reached skill level 5 in Poison Magic
  4197 | D:4      | Found a staircase to the Ecumenical Temple.
  4218 | Temple   | Entered the Ecumenical Temple
  4376 | Temple   | Became a worshipper of Sif Muna the Loreminder
  4414 | D:4      | Found a blossoming altar of Fedhas.
  4421 | D:4      | Found a transporter.
  4422 | D:4      | Found a transporter.
  4427 | D:4      | Noticed epsilonplus's ghost (amateur HOFi)
  4432 | D:4      | Found a basalt altar of Yredelemnul.
  4487 | D:4      | Reached XP level 6. HP: 22/45 MP: 0/12
  4812 | D:4      | Learned a level 4 spell: Olgreb's Toxic Radiance
  4838 | D:4      | Found a radiant altar of Vehumet.
  5040 | D:4      | Noticed Duvessa
  5040 | D:4      | Noticed Dowan
  5061 | D:4      | Killed Dowan
  5063 | D:4      | Killed Duvessa
  5064 | D:4      | Your scales start taking on a lurid green colour.
  5064 | D:4      | Reached XP level 7. HP: 47/50 MP: 1/13
  5064 | D:4      | Gained mutation: Your system is resistant to poisons.
                  | (rPois) [Green Draconian growth]
  5262 | D:5      | Entered Level 5 of the Dungeon
  5286 | D:5      | Found a white marble altar of Elyvilon.
  5300 | D:5      | Reached skill level 1 in Fighting
  5754 | D:5      | Reached skill level 1 in Short Blades
  5913 | D:5      | Found Puul's Firing Range.
  5918 | D:5      | Bought a throwing net for 33 gold pieces
  6144 | D:6      | Reached * piety under Sif Muna
  6384 | D:6      | Reached skill level 1 in Invocations
  6384 | D:6      | Reached XP level 8. HP: 63/63 MP: 14/14
  6706 | D:6      | Noticed Pikel
  6715 | D:6      | Killed Pikel
  6716 | D:6      | Reached skill level 5 in Invocations
  6716 | D:6      | Reached skill level 5 in Short Blades
  6794 | D:5      | Learned a level 2 spell: Blink
  6838 | D:6      | Found an ancient bone altar of Kikubaaqudgha.
  7117 | D:7      | Found an iron altar of Okawaru.
  7613 | D:7      | Reached skill level 5 in Spellcasting
  7613 | D:7      | Reached XP level 9. HP: 69/69 MP: 6/16
  8294 | D:7      | Reached skill level 5 in Fighting
  8294 | D:7      | Reached skill level 1 in Air Magic
  8346 | D:7      | Reached ** piety under Sif Muna
  8469 | D:7      | Found a runed translucent door.
  8470 | D:7      | Noticed Crazy Yiuf
  8575 | D:7      | Killed Crazy Yiuf
  8629 | D:8      | Paralysed by a hornet for 3 turns
  8670 | D:8      | Identified the +6 dagger of the Baking Stork {drain, *Slow
                  | rF+ rC+ Int+2}
  9129 | D:8      | Reached skill level 5 in Air Magic
  9371 | D:9      | Learned a level 3 spell: Ignite Poison
  9629 | D:9      | Found a staircase to the Lair.
 10007 | D:9      | Reached XP level 10. HP: 81/81 MP: 11/19
 10095 | D:9      | Found a staircase to the Orcish Mines.
 10425 | D:9      | Found a sacrificial altar of Ru.
 10676 | D:9      | Identified the ring of Cheibriados's Reproof {Will+ Int+3}
 10804 | D:10     | Entered Level 10 of the Dungeon
 10881 | D:10     | Noticed Joseph
 10885 | D:10     | Killed Joseph
 10972 | D:10     | Found a snail-covered altar of Cheibriados.
 11055 | D:10     | Found a flagged portal.
 11064 | D:10     | Reached *** piety under Sif Muna
 11077 | Bailey   | Entered a bailey
 11146 | Bailey   | Noticed an orc warlord
 11394 | Bailey   | Reached skill level 10 in Short Blades
 11460 | Bailey   | Found a runed translucent gate.
 11461 | Bailey   | Found a runed translucent gate.
 11462 | Bailey   | Found a runed translucent gate.
 11597 | Bailey   | Killed an orc warlord
 11609 | Bailey   | Identified the +9 hand axe "Mauc" {protect, rElec rC- rN+}
 12008 | D:10     | Reached XP level 11. HP: 94/94 MP: 3/20
 12183 | D:10     | Identified the ring of Oleg {rF+ Will+}
 12326 | D:10     | Noticed a purple ugly thing
 12332 | D:10     | Killed a purple ugly thing
 12429 | D:10     | Learned a level 5 spell: Freezing Cloud
 13072 | Lair:1   | Entered Level 1 of the Lair of Beasts
 13089 | Lair:1   | Reached skill level 1 in Ice Magic
 13131 | Lair:1   | Reached **** piety under Sif Muna
 13170 | Lair:1   | Reached skill level 2 in Ice Magic
 13223 | Lair:1   | Reached skill level 3 in Ice Magic
 13331 | Lair:1   | Reached skill level 4 in Ice Magic
 13549 | Lair:1   | Noticed a skyshark
 13561 | Lair:1   | Killed a skyshark
 13562 | Lair:1   | Reached skill level 5 in Ice Magic
 14199 | Lair:1   | Reached skill level 1 in Conjurations
 14297 | Lair:1   | Acquired an amulet of magic regeneration
 14727 | Lair:2   | Noticed Urug
 14732 | Lair:1   | Killed Urug
 14733 | Lair:1   | Reached XP level 12. HP: 56/97 MP: 20/24
 14896 | Lair:2   | Reached skill level 5 in Conjurations
 14926 | Lair:2   | Reached skill level 1 in Fire Magic
 15528 | Lair:2   | Reached ***** piety under Sif Muna
 15528 | Lair:2   | Received a gift from Sif Muna
 15540 | Lair:2   | Reached skill level 6 in Ice Magic
 15679 | Lair:2   | Noticed an eight-headed hydra
 15687 | Lair:2   | Killed an eight-headed hydra
 16234 | Lair:3   | Found a hole to the Spider Nest.
 16320 | Lair:3   | Noticed a five-headed hydra
 16328 | Lair:3   | Killed a five-headed hydra
 16329 | Lair:3   | Reached skill level 7 in Ice Magic
 16437 | Lair:3   | Noticed a death yak
 16437 | Lair:3   | Noticed a four-headed hydra
 16442 | Lair:3   | Killed a four-headed hydra
 16452 | Lair:3   | Killed a death yak
 16678 | Lair:3   | Noticed Nessos
 16693 | Lair:3   | Killed Nessos
 16854 | Lair:3   | Reached skill level 5 in Dodging
 16854 | Lair:3   | Reached XP level 13. HP: 107/107 MP: 21/25
 16954 | Lair:3   | Found a staircase to the Shoals.
 17313 | Lair:4   | Reached skill level 10 in Poison Magic
 17541 | Lair:4   | Found a frozen archway.
 17611 | IceCv    | Entered an ice cave
 18599 | Lair:5   | Entered Level 5 of the Lair of Beasts
 19069 | Lair:5   | Received a gift from Sif Muna
 19101 | Lair:5   | Learned a level 3 spell: Ozocubu's Armour
 19167 | Lair:5   | Reached skill level 10 in Fighting
 19370 | Lair:5   | Reached skill level 8 in Ice Magic
 19588 | Lair:5   | Reached skill level 9 in Ice Magic
 19588 | Lair:5   | Gained mutation: Your tail ends in a venomous barb. [Green
                  | Draconian growth]
 19588 | Lair:5   | Reached XP level 14. HP: 121/121 MP: 16/26
 19720 | Lair:5   | Reached skill level 10 in Ice Magic
 20020 | Lair:5   | Found a staircase to the Slime Pits.
 20561 | D:11     | Noticed Psyche
 20591 | D:11     | Killed Psyche
 20648 | D:11     | Received a gift from Sif Muna
 20649 | D:11     | Got Hiucakaz's Grimoire of the Congregation and the Curse
                  | {god gift}
 20747 | D:11     | Found Ufalin's Book Shop.
 21343 | D:12     | Reached skill level 10 in Spellcasting
 21388 | D:12     | Found a shimmering blue altar of Sif Muna.
 21912 | D:13     | Found a transporter.
 21917 | D:13     | Found a transporter.
 21943 | D:13     | Noticed pokeman's ghost (journeyman DEHW)
 21968 | D:13     | Reached skill level 11 in Ice Magic
 22143 | D:13     | Banished pokeman's ghost
 22727 | D:13     | Reached skill level 12 in Ice Magic
 22881 | D:13     | Found a gate to the Vaults.
 23415 | D:14     | Reached skill level 13 in Ice Magic
 23415 | D:14     | Reached XP level 15. HP: 109/126 MP: 13/29
 23423 | D:14     | Learned a level 7 spell: Ozocubu's Refrigeration
 23931 | D:14     | Noticed Lodul
 23936 | D:14     | Killed Lodul
 24455 | D:15     | Entered Level 15 of the Dungeon
 24679 | D:15     | Reached skill level 14 in Ice Magic
 24895 | D:15     | Found an ornate altar of the Wu Jian Council.
 25954 | D:15     | Reached skill level 15 in Ice Magic
 26141 | D:15     | Received a gift from Sif Muna
 26142 | D:15     | Got Sif Muna's Atlas of Combative Execration {god gift}
 26292 | D:15     | Found a staircase to the Depths.
 26629 | Orc:1    | Entered Level 1 of the Orcish Mines
 26850 | Orc:1    | Found a bloodstained altar of Trog.
 27791 | Orc:2    | Entered Level 2 of the Orcish Mines
 28565 | Orc:2    | Found a staircase to the Elven Halls.
 28756 | Orc:2    | Found Otyxarphileu's General Store.
 28756 | Orc:2    | Found Qorghol's Weapon Shoppe.
 28758 | Orc:2    | Found Umiosofa's Armour Emporium.
 28760 | Orc:2    | Found Zasuth's Jewellery Boutique.
 29556 | Spider:1 | Entered Level 1 of the Spider Nest
 29755 | Spider:1 | Received a gift from Sif Muna
 29946 | Spider:1 | Got Nuolei's Vellum of Nephomancy and the Valley {god gift}
 30368 | Spider:1 | Reached XP level 16. HP: 123/133 MP: 4/30
 31478 | Spider:2 | Reached skill level 16 in Ice Magic
 32739 | Spider:2 | Learned a level 5 spell: Metabolic Englaciation
 32774 | Spider:2 | Acquired the ring "Tenaotur" {rElec rC+ Dex+2}
 33195 | Spider:2 | Reached skill level 17 in Ice Magic
 33821 | Spider:3 | Received a gift from Sif Muna
 33822 | Spider:3 | Got Sif Muna's Anthology of the Fateful Chill {god gift}
 36509 | Spider:4 | Entered Level 4 of the Spider Nest
 37000 | Spider:4 | Found a large runed translucent door.
 37000 | Spider:4 | Found a large runed translucent door.
 37349 | Spider:4 | Received a gift from Sif Muna
 37350 | Spider:4 | Got Wenaor's Papyrus of Translocated Snow {god gift}
 37886 | Spider:4 | Reached XP level 17. HP: 149/149 MP: 29/33
 37943 | Spider:4 | Noticed zazu2006's ghost (adept GnWn)
 40181 | Spider:4 | Reached skill level 10 in Invocations
 40944 | Spider:4 | Got a gossamer rune of Zot
 41126 | Shoals:1 | Entered Level 1 of the Shoals
 41216 | Lair:3   | Upgraded the game from 0.31-a0-167-g1c394c0614 to
                  | 0.31-a0-174-g85c54bcb58
 42394 | Shoals:2 | Noticed a kraken
 42406 | Shoals:2 | Killed a kraken
 42681 | Shoals:2 | Found Cogo's Jewellery Emporium.
 42763 | Shoals:2 | Learned a level 4 spell: Summon Ice Beast
 43035 | Shoals:2 | Bought a +6 ring of intelligence for 576 gold pieces
 43697 | Shoals:3 | Received a gift from Sif Muna
 43699 | Shoals:3 | Got Sif Muna's Compendium of Mighty Transition {god gift}
 46123 | Shoals:4 | Entered Level 4 of the Shoals
 46422 | Shoals:4 | Identified the staff of earth "Loohuuso" {Dex+3}
 46436 | Shoals:4 | Reached XP level 18. HP: 127/157 MP: 10/36
 46445 | Shoals:4 | Got a barnacled rune of Zot
 47140 | Shoals:4 | Noticed Mlioglotl
 47148 | Shoals:4 | Killed Mlioglotl
 47172 | Shoals:4 | Identified the +1 leather armour "Omoywal" {Harm rElec
                  | Str+2 Stlth+}
 48491 | Shoals:4 | Reached skill level 15 in Fighting
 49082 | Vaults:1 | Entered Level 1 of the Vaults
 49536 | Vaults:1 | Reached skill level 1 in Evocations
 49789 | Vaults:1 | Noticed Saint Roka
 49925 | Vaults:1 | Slain by Saint Roka

Illustrated notes

Levels and vault maps discovered:
D:1:      dpeg_arrival_rooms_with_view, layout_basic, serial_shops,
          nicolae_book_shop_shelving, chequers_ecumenical_altar_island,
          minmay_tromino_mix6
D:2:      layout_basic, minmay_splitting_lines
D:3:      layout_basic, minmay_misc_feat_columns, minmay_mini_jars, uniq_ijyb
D:4:      layout_cave_pools, nicolae_vehumet_altar_sigil, lemuel_doored_altar,
          yredelemnul_altar_generic, minmay_temple_entry_junction,
          gammafunk_ghost_smash, uniq_duvessa
D:5:      layout_loops_ring, marbit_many_paths, nicolae_shop_firing_range
D:6:      nicolae_cairo_tiling_large_dashed, layout_cave_pools,
          lemuel_crystal_altar, corexii_hall_statues_deadend,
          corexii_corridor_pit, uniq_pikel
D:7:      layout_layer_cave, okawaru_gym_becter, uniq_crazy_yiuf_cottage
D:8:      layout_loops_cross
D:9:      layout_stronghold, nicolae_ru_sacrificial_ziggurat, lair_entry_dummy,
          orc_0_dummy
D:10:     minmay_thick_lines, layout_basic, kennysheep_slug_shrine,
          enter_bailey_4, uniq_joseph
D:11:     layout_rooms, serial_shops, nicolae_shop_stone, onia_ninara_cookie,
          uniq_psyche
D:12:     layout_layer_cave, nicolae_sif_muna_little_library
D:13:     layout_gridville, grunt_vaults_entry_fortified, gammafunk_ghost_hive
D:14:     layout_roguey, minivault_25, hangedman_tell_no_tales, uniq_lodul
D:15:     gammafunk_depths_entry_grave, layout_cave_pools, serial_park,
          serial_park_fountain, serial_park_tiny_1, serial_park_gazebo
          [serial_park_minivault_5x5_5], serial_park_square3
          [serial_park_minivault_5x5_1], serial_park_square1
          [serial_park_minivault_5x5_4], minmay_misc_feat_x
Temple:   jpeg_temple_clearing
Lair:1:   beast_lair_carwin_large_1, layout_loops_ring, serial_forest,
          infiniplex_forest_lined_2, infiniplex_forest_clump_small,
          infiniplex_forest_straight_2, infiniplex_forest_lined_corner,
          infiniplex_forest_straight_2, infiniplex_forest_end_1,
          infiniplex_forest_clump_tiny, infiniplex_forest_straight_2,
          serial_bayou_pond_b, worms_lemuel
Lair:2:   layout_cave_pods, lemuel_fruit_fields, lemuel_fruit_fields,
          grunt_megastairs_5, lemuel_fruit_tree, uniq_urug
Lair:3:   layout_loops_ring, minmay_shoals_entry_hut,
          nicolae_spider_entry_orb_guardian, grunt_forest_large_clearing_hut,
          uniq_nessos
Lair:4:   layout_cave_pods, portal_ice_cave_rime
Lair:5:   hangedman_lair_tendril_chambers, layout_regular_city, slime_entry_1
Shoals:1: layout_shoals, nicolae_shoals_undead_eyrie
Shoals:2: layout_shoals, minmay_shop_enchanted_jewellery
Shoals:3: layout_shoals, nicolae_shoals_nymph_descending_staircase
Shoals:4: shoals_end_simple, layout_shoals, nicolae_shoals_drake_roost,
          uniq_mlioglotl
Spider:1: layout_spider_delve
Spider:2: layout_spider_delve, hangedman_spider_tarantella_strand
Spider:3: layout_chambers, spiders_nest_hornet_nest
Spider:4: guppyfry_spider_rune, ebering_ghost_disaster_area,
          hellmonk_spider_spawner
Orc:1:    minmay_goldmine, layout_caves, basic_altar
Orc:2:    st_orc_rangers, layout_caves
Vaults:1: nicolae_vaults_back_hallway, vaults_room_large_hall,
          nicolae_vaults_oozy_zoo, vaults_mumra_hex,
          nicolae_vaults_windows_and_doors_thing, nicolae_vaults_house_3,
          hangedman_vaults_stitches, nicolae_vaults_twisting_passages,
          nicolae_vaults_trapezoid_lopsided_3, v_pattern_5,
          hangedman_vaults_cutoff, layout_vaults_omnicross, uniq_saint_roka

Skill      XL: |  1  2  3  4  5  6  7  8  9 10 11 12 13 14 15 16 17 18 |
---------------+-------------------------------------------------------+-----
Spellcasting   | 3 4 5 6 8 10 12 14 | 14.0
Poison Magic   | 4 5 8 10 | 10.0
Fighting       | 3 5 8 10 13 16 | 16.0
Short Blades   | 4 6 8 10 12 13 14 | 14.0
Invocations    | 1 5 8 12 | 12.0
Air Magic      | 5 7 |  7.0
Ice Magic      | 5 7 9 13 15 17 | 17.0
Conjurations   | 3 7 |  7.0
Fire Magic     | 2 |  2.0
Transmutations | 2 |  2.0
Dodging        | 5 |  5.0
Evocations     | 4 |  4.5
Stealth        | |  1.7

Action                     |  1- 3 |  4- 6 |  7- 9 | 10-12 | 13-15 | 16-18 || total
---------------------------+-------+-------+-------+-------+-------+-------++-------
  Melee: Unarmed           |     7 |       |       |       |       |       ||     7
         Tailslap          |     1 |     3 |    38 |    30 |    72 |    90 ||   234
         Flail             |     1 |    21 |     2 |       |       |       ||    24
         Dagger            |       |       |   190 |   191 |    12 |       ||   393
         Rapier            |       |       |       |       |   471 |   392 ||   863
  Throw: Dart              |       |       |       |       |       |     3 ||     3
   Cast: Sting             |    64 |   100 |       |       |       |       ||   164
         Poisonous Vapours |     3 |    24 |     1 |     1 |     1 |     4 ||    34
         Olgreb's Toxic Ra |       |     2 |    28 |    88 |   181 |   178 ||   477
         Mephitic Cloud    |       |       |     2 |     4 |     7 |     3 ||    16
         Ignite Poison     |       |       |     5 |    52 |   114 |    84 ||   255
         Freezing Cloud    |       |       |       |    12 |    63 |     6 ||    81
         Ozocubu's Armour  |       |       |       |       |     4 |    10 ||    14
         Blink             |       |       |       |       |     4 |     3 ||     7
         Ozocubu's Refrige |       |       |       |       |    10 |   250 ||   260
         Summon Ice Beast  |       |       |       |       |       |     3 ||     3
         Dragon's Call     |       |       |       |       |       |     1 ||     1
 Invoke: Channel Magic     |       |       |       |     2 |     6 |    18 ||    26
         Divine Exegesis   |       |       |       |       |       |     1 ||     1
Ability: Breathe Noxious F |       |       |    19 |    32 |    31 |    10 ||    92
  Evoke: Wand              |       |       |     2 |       |       |     1 ||     3
         Phantom mirror    |       |       |       |       |       |     1 ||     1
    Use: Scroll            |       |     9 |     9 |     6 |     1 |    10 ||    35
         Potion            |       |       |       |       |       |     3 ||     3
   Stab: Sleeping          |       |     2 |     1 |     1 |     6 |     4 ||    14
         Confused          |       |       |     1 |     3 |       |     3 ||     7
         Distracted        |       |       |       |       |     1 |     1 ||     2
 Armour: Skin              |    11 |    33 |    53 |    49 |   255 |   401 ||   802
  Dodge: Dodged            |    17 |    57 |    92 |    95 |   332 |   318 ||   911
  Block: Buckler           |       |     4 |    26 |    29 |   119 |    86 ||   264

Table legend: (Time is in decaauts)
 A = Elapsed time spent in this place.
 B = Non-inter-level travel time spent in this place.
 C = Inter-level travel time spent in this place.
 D = Time resting spent in this place.
 E = Time spent auto-exploring this place.
 F = Levels seen in this place.
 G = Mean time per level.
                   A        B        C        D        E       F      G
               +--------+--------+--------+--------+--------+-----+--------+
         Total |  50036 |  48144 |   1892 |  23338 |  17987 |  34 | 1471.6 |
       Dungeon |  18677 |  17756 |    921 |   6626 |   8446 |  15 | 1245.1 |
        Temple |    174 |    159 |     15 |     71 |     55 |   1 |  174.0 |
          Lair |   8073 |   7576 |    497 |   2969 |   3543 |   5 | 1614.6 |
        Shoals |   7871 |   7623 |    248 |   4769 |   2060 |   4 | 1967.8 |
   Spider Nest |  10479 |  10324 |    155 |   6469 |   2540 |   4 | 2619.8 |
  Orcish Mines |   2766 |   2711 |     55 |   1207 |   1076 |   2 | 1383.0 |
        Vaults |    820 |    820 |      0 |    538 |    114 |   1 |  820.0 |
        Bailey |    752 |    752 |      0 |    375 |    142 |   1 |  752.0 |
      Ice Cave |    420 |    420 |      0 |    313 |     10 |   1 |  420.0 |
               +--------+--------+--------+--------+--------+-----+--------+

Top non-repeatable levels by time:
Spider:3: 3900 daAuts
Spider:4: 3339 daAuts
Shoals:4: 2513 daAuts
  Lair:3: 2234 daAuts
Spider:2: 2211 daAuts
Shoals:3: 2204 daAuts
    D:14: 1993 daAuts
     D:3: 1978 daAuts
  Lair:1: 1935 daAuts
Shoals:2: 1728 daAuts
   Orc:1: 1675 daAuts
     D:9: 1643 daAuts
  Lair:5: 1637 daAuts
    D:10: 1602 daAuts
     D:7: 1505 daAuts
